 Dungeon Crawl Stone Soup version 0.29.1-15-g9cfb28693d (webtiles) character file.

Game seed: 1606441268543431030

20 dudediamond6 the Sneak (level 2, -4/19 HPs)
             Began as an Octopode Brigand on Feb 23, 2023.
             Frozen to death by an endoplasm (5 damage)
             ... on level 2 of the Dungeon.
             The game lasted 00:01:14 (971 turns).

dudediamond6 the Sneak (Octopode Brigand)            Turns: 971, Time: 00:01:15

Health: -4/19      AC:  1    Str: 10    XL:     2   Next: 79%
Magic:  2/2        EV: 12    Int: 13    God:
Gold:   68         SH:  0    Dex: 13    Spells: 1/1 levels left

rFire   . . .      SeeInvis +   a - +2 dagger
rCold   . . .      Faith    .   (no shield)
rNeg    . . .      Spirit   .   (helmet restricted)
rPois   .          Reflect  .   (no amulet)
rElec   .          Harm     .   l - ring of see invisible
rCorr   .          Rampage  .   (no ring)
Will    .....                   (no ring)
Stlth   ++++......              (no ring)
HPRegen 0.06/turn               (no ring)
MPRegen 0.08/turn               (no ring)
                                (no ring)
                                (no ring)

@: no status effects
A: almost no armour, amphibious, 8 rings, camouflage 1, gelatinous body 1,
(nimble swimmer 1), tentacles
a: no special abilities


You were on level 2 of the Dungeon.
You visited 1 branch of the dungeon, and saw 2 of its levels.

You collected 68 gold pieces.

Inventory:

Hand Weapons
 a - a +2 dagger (weapon)
Missiles
 b - 13 poisoned darts (quivered)
 c - 3 curare-tipped darts
Jewellery
 l - a ring of see invisible (left tentacle)
Potions
 d - a potion of lignification {unknown}
 e - a potion of degeneration {unknown}
 f - 2 potions of ambrosia {unknown}
 g - a potion of flight {unknown}
 i - 3 potions of curing
 k - a potion of brilliance {unknown}


   Skills:
 * Level 2.2 Fighting
 * Level 2.2 Short Blades
 - Level 2.0 Throwing
 - Level 1.0 Dodging
 + Level 6.1 Stealth


You had one spell level left.
You didn't know any spells.
Your spell library was empty.

Dungeon Overview and Level Annotations

Branches:
Dungeon (2/15)

Altars:


Innate Abilities, Weirdness & Mutations

You cannot wear most types of armour.
You are amphibious.
You can wear up to eight rings at the same time.
Your skin changes colour to match your surroundings (Stealth+).
Your rubbery body absorbs attacks. (AC +1, EV +1)
((You are camouflaged when in or above water. (Stealth+)))
You have tentacles for arms and can constrict up to eight enemies at once.


Message History

You constrict the hobgoblin, but do no damage.
You hit the hobgoblin. You squeeze the hobgoblin.
The hobgoblin is heavily wounded.
You constrict the hobgoblin. The hobgoblin hits you.
A hobgoblin is nearby!
You hit the hobgoblin.
You kill the hobgoblin!
An endoplasm and a worm come into view.
There are monsters nearby!
There are monsters nearby!
The worm misses you.
There are monsters nearby!
You hit the worm. Your grab misses the worm.
The worm is lightly wounded.
The endoplasm quivers.
You hit the worm but do no damage. You grab the worm.
The worm is lightly wounded.
You constrict the worm. The worm bites you!
Ouch! That really hurt!
You are too injured to fight recklessly!
You are too injured to fight recklessly!
You release your grip on the worm.
The endoplasm hits you.
* * * LOW HITPOINT WARNING * * *
The endoplasm attacks as you move away! The endoplasm misses you.
The endoplasm attacks as you move away! The endoplasm hits you.
* * * LOW HITPOINT WARNING * * *
You hit the endoplasm.
The endoplasm is moderately wounded.
The endoplasm hits you.
* * * LOW HITPOINT WARNING * * *
You hit the endoplasm.
The endoplasm is heavily wounded.
The endoplasm freezes you.
You are frozen.
* * * LOW HITPOINT WARNING * * *
You hit the endoplasm.
The endoplasm is severely wounded.
The endoplasm freezes you.
You are frozen.
You die...

.#.# ... ... ..#
...#.# ...#.# #.##.#
#.##@# #.##J#
#.##w### .#
#......####. ##.#
#...........
..^#######
#.##.#.#####
..)......####.##...#
..............###..#
...# ##.####..# ..#


You could see a worm and an endoplasm.

Vanquished Creatures
  A gnoll (D:2)
  A dart slug (D:1)
  A bat (D:2)
  A hobgoblin (D:2)
  A kobold (D:2)
  A quokka (D:2)
  A frilled lizard (D:1)
  3 rats (D:1)
10 creatures vanquished.

Notes
Turn   | Place    | Note
-------+----------+-------------------------------------------
     0 | D:1      | dudediamond6 the Octopode Brigand began the quest for the
                  | Orb.
     0 | D:1      | Reached XP level 1. HP: 14/14 MP: 1/1
   605 | D:2      | Reached XP level 2. HP: 19/19 MP: 2/2
   610 | D:2      | Reached skill level 6 in Stealth
   971 | D:2      | Frozen to death by an endoplasm

Illustrated notes

Levels and vault maps discovered:
D:1:      evilmike_arrival_home_sweet_home, layout_basic,
          minmay_misc_feat_square
D:2:      minmay_chambers_of_twos, layout_loops_ring,
          hellmonk_ecumenical_altar_leap_of_faith, minmay_pentomino_p2

Skill      XL: |  1  2 |
---------------+-------+-----
Stealth        | 6 |  6.1
Fighting       | |  2.2
Short Blades   | |  2.2
Throwing       | |  2.0
Dodging        | |  1.0

Action                   || total
-------------------------++-------
Melee: Dagger            ||    24
       Constrict         ||     6
       Tentacles         ||     4
       Punch             ||     1
  Use: Scroll            ||     4
 Stab: Sleeping          ||     4
Dodge: Dodged            ||     8
